 Dungeon Crawl Stone Soup version 0.31-a0-466-g98c9adc2b6 (webtiles) character file.

Game seed: 10093945456299141031

609 Ofeo the Ruffian (level 7, -6/55 HPs)
             Began as a Demonspawn Shapeshifter on Aug 6, 2023.
             Was an Initiate of Gozag.
             Mangled by Pikel
             ... wielding a +0 whip of electrocution
              (16 damage)
             ... on level 4 of the Dungeon.
             The game lasted 00:05:22 (4469 turns).

Ofeo the Ruffian (Demonspawn Shapeshifter)          Turns: 4469, Time: 00:05:23

Health: -6/55      AC:  6    Str: 18    XL:     7   Next: 19%
Magic:  7/7        EV: 13    Int:  9    God:    Gozag
Gold:   155        SH:  0    Dex: 13    Spells: 6/6 levels left

rFire   . .          .
                       - Unarmed
rCold   . . .        (no shield)
rNeg    . . .        f - +0 troll leather armour {Pargi}
rPois   .            (helmet currently unavailable)
rElec   .            (cloak currently unavailable)
rCorr   .            (gloves currently unavailable)
SInv    +            (boots currently unavailable)
Will    .....        (no amulet)
Stlth   +            d - ring of see invisible
HPRegen 1.09/turn    (no ring)
MPRegen 0.10/turn

%: no passive effects
@: beast-form
A: beast (slay +2), rugged brown scales 2, powered by pain 1
a: Begin Untransformation, Renounce Religion, Potion Petition, Call Merchant,
Bribe Branch


You were on level 4 of the Dungeon.
You worshipped Gozag.
Gozag was aware of your devotion.
You were a hulking beast.
You visited 2 branches of the dungeon, and saw 5 of its levels.

You collected 246 gold pieces.
You paid 91 gold pieces to Gozag.

Inventory:

Armour
 f - a +0 troll leather armour (worn) {Pargi}
 p - a +1 helmet
Jewellery
 d - a ring of see invisible (left hand)
Talismans
 c - a beast talisman (active)
Scrolls
 b - 2 scrolls of blinking {@r4}


   Skills:
 + Level 3.8 Fighting
 + Level 3.9 Dodging
 + Level 4.4 Unarmed Combat
 + Level 4.0 Shapeshifting


You had 6 spell levels left.
You didn't know any spells.
Your spell library was empty.

Dungeon Overview and Level Annotations

Branches:
Dungeon (4/15)             Temple (1/1) D:4

Altars:
Ashenzari
Cheibriados
Dithmenos
Fedhas
Gozag
Kikubaaqudgha
Nemelex Xobeh
Okawaru
Ru
Sif Muna
Vehumet
Wu Jian

Shops:
D:1 :   D:3 :

Annotations:
D:4 Pikel


Innate Abilities, Weirdness & Mutations

You are a hulking beast.
Your limbs bulge with bestial killing power. (Slay +2)
You are mostly covered in rugged brown scales. (AC +2, +5% HP)
You sometimes gain a little power by taking damage.


Message History

You closely miss Pikel.
Pikel is lightly wounded.
Pikel hits you with a +0 whip of electrocution.
You are electrocuted!
You take 18 damage, and have 31/55 hp.
MASSIVE DAMAGE!!
You hit Pikel.
Pikel is lightly wounded.
Pikel hits you with a +0 whip of electrocution.
You barely miss Pikel.
Pikel is lightly wounded.
Pikel closely misses you.
You barely miss Pikel.
Pikel is lightly wounded.
Pikel barely misses you.
You hit Pikel.
Pikel is moderately wounded.
Pikel hits you with a +0 whip of electrocution!
You take 10 damage, and have 23/55 hp.
You hit Pikel but do no damage.
Pikel is moderately wounded.
Things that are here:
a potion of degeneration; a book of Displacement
Things that are here:
a +0 leather armour; a +0 hand axe Pikel attacks as you move away!
Pikel closely misses you.
You regained 2 hp, and now have 34/55 hp.
Pikel attacks as you move away!
Pikel hits you with a +0 whip of electrocution!
You are electrocuted!
You take 15 damage, and have 19/55 hp.
MASSIVE DAMAGE!!
Pikel attacks as you move away!
Pikel hits you with a +0 whip of electrocution.
* * * LOW HITPOINT WARNING * * *
You take 5 damage, and have 14/55 hp.
Pikel attacks as you move away! Pikel misses you.
Pikel hits you with a +0 whip of electrocution.
* * * LOW HITPOINT WARNING * * *
You are electrocuted!
You die...
Your body crumbles into a pile of gold.

#....#..##.#.# #.
#..........#.# .
##...##.#### > .## ##.###.#
.. ..# #...##.. .. #.#
#...##### .. ###########.#
#.).# .......![5..#
#####...#####
....######..###.h.........##
....
####..5.55K..............
...#
#...................####.
... #.###.#.>####...#####
### # #.#.## #...# ....#
#...# #..#.# ...... #.##.#
.##.##.# ... ..# ... .#


You could see Pikel and 3 lemures.

Vanquished Creatures
  Pargi (D:4)
  A black bear (D:3)
  A lemure (D:3)
  A scorpion (D:4)
  A hound (D:4)
  3 orc priests
  A jelly (D:4)
  3 orc wizards
  A gnoll (D:1)
  4 adders
  4 worms
  2 dart slugs
  4 orcs
  5 ball pythons (D:1)
  7 endoplasms
  5 giant cockroaches
  4 goblins
  6 hobgoblins
  2 jackals (D:2)
  6 kobolds
  10 quokkas
  8 bats
  2 frilled lizards
  5 rats
87 creatures vanquished.

Notes
Turn   | Place    | Note
-------+----------+-------------------------------------------
     0 | D:1      | Ofeo the Demonspawn Shapeshifter began the quest for the
                  | Orb.
     0 | D:1      | Reached XP level 1. HP: 15/15 MP: 1/1
    92 | D:1      | Gained mutation: You sometimes gain a little power by
                  | taking damage. [demonic ancestry]
    92 | D:1      | Reached XP level 2. HP: 19/21 MP: 2/2
   301 | D:1      | Found Teilaog's Book Shoppe.
   314 | D:1      | Gained mutation: You are partially covered in rugged brown
                  | scales. (AC +1, +3% HP) [demonic ancestry]
   314 | D:1      | Reached XP level 3. HP: 18/27 MP: 3/3
   832 | D:2      | Gained mutation: You are mostly covered in rugged brown
                  | scales. (AC +2, +5% HP) [demonic ancestry]
   832 | D:2      | Reached XP level 4. HP: 16/34 MP: 4/4
  2107 | D:3      | Found Zyukuym's Book Boutique.
  2400 | D:3      | Found a large runed translucent door.
  2401 | D:3      | Found a large runed translucent door.
  2453 | D:3      | Found an ornate altar of the Wu Jian Council.
  3029 | D:3      | Reached XP level 5. HP: 28/40 MP: 5/5
  3446 | D:4      | Noticed a black bear
  3461 | D:3      | Killed a black bear
  3570 | D:4      | Noticed Pargi
  3578 | D:4      | Killed Pargi
  3579 | D:4      | Reached XP level 6. HP: 49/49 MP: 6/6
  3675 | D:4      | Found a staircase to the Ecumenical Temple.
  3695 | Temple   | Entered the Ecumenical Temple
  3715 | Temple   | Became a worshipper of Gozag Ym Sagoz the Greedy
  3734 | D:4      | Noticed Pikel
  4065 | D:3      | HP: 2/49 [poisoned by an orc wizard]
  4231 | D:3      | Reached XP level 7. HP: 27/55 MP: 7/7
  4469 | D:4      | Mangled by Pikel

Illustrated notes

Levels and vault maps discovered:
D:1:      nzn_arrival_water_spiral, layout_rooms, serial_shops,
          nicolae_shop_waterfront
D:2:      layout_loops_ring, minmay_misc_feat_secret_circle
D:3:      layout_loops_corners, zin_treasury, jmf_multi_god_temple2,
          serial_shops, nicolae_book_shop_shelving
D:4:      layout_loops_cross, nicolae_uskayaw_dance_hall,
          minmay_temple_entry_proselytizer, uniq_pargi, uniq_pikel
Temple:   hellmonk_temple_flake

Skill      XL: |  1  2  3  4  5  6  7 |
---------------+----------------------+-----
Dodging        | 2 3 |  3.9
Unarmed Combat | 3 4 |  4.4
Shapeshifting  | 3 4 |  4.0
Fighting       | 2 3 |  3.8

Action                     |  1- 3 |  4- 6 |  7- 9 || total
---------------------------+-------+-------+-------++-------
  Melee: Unarmed           |    97 |   208 |    39 ||   344
         Punch             |     1 |     4 |     1 ||     6
    Use: Potion            |     2 |     5 |       ||     7
         Scroll            |       |    10 |       ||    10
   Stab: Sleeping          |       |     2 |       ||     2
 Armour: Animal skin       |    24 |    24 |       ||    48
         Skin              |    13 |       |       ||    13
         Ring mail         |       |    36 |       ||    36
         Troll leather arm |       |    21 |    19 ||    40
  Dodge: Dodged            |    48 |   142 |    27 ||   217

Table legend: (Time is in decaauts)
 A = Elapsed time spent in this place.
 B = Non-inter-level travel time spent in this place.
 C = Inter-level travel time spent in this place.
 D = Time resting spent in this place.
 E = Time spent auto-exploring this place.
 F = Levels seen in this place.
 G = Mean time per level.
                   A        B        C        D        E       F      G
               +--------+--------+--------+--------+--------+-----+--------+
         Total |   4466 |   4313 |    153 |    855 |   2615 |   5 |  893.2 |
       Dungeon |   4436 |   4291 |    145 |    855 |   2606 |   4 | 1109.0 |
        Temple |     29 |     21 |      8 |      0 |      9 |   1 |   29.0 |
               +--------+--------+--------+--------+--------+-----+--------+

Top non-repeatable levels by time:
     D:3: 1984 daAuts
     D:2: 1148 daAuts
     D:1: 949 daAuts
     D:4: 353 daAuts
  Temple: 29 daAuts
